 Dungeon Crawl Stone Soup version 0.30.0 (webtiles) character file.

Game seed: 8364525384487064911

3281 Mysteryquy the Cleaver (level 9, 0/81 HPs)
             Began as a Minotaur Berserker on May 6, 2023.
             Was an Elder of Trog.
             Killed by divine providence
             ... invoked by an orc priest
              (13 damage)
             ... on level 7 of the Dungeon.
             The game lasted 00:06:56 (6128 turns).

Mysteryquy the Cleaver (Minotaur Berserker)         Turns: 6128, Time: 00:06:56

Health: 0/81       AC:  8    Str: 27    XL:     9   Next: 69%
Magic:  8/8        EV: 12    Int:  4    God:    Trog [****..]
Gold:   189        SH:  0    Dex:  9    Spells: 8/8 levels left

rFire   . . .        C - +0 battleaxe
rCold   . . .        (shield currently unavailable)
rNeg    . . .        x - +2 ring mail {Will+}
rPois   .            (helmet restricted)
rElec   .            (no cloak)
rCorr   .            (no gloves)
SInv    .            (no boots)
Will    +....        (no amulet)
Stlth   +            (no ring)
HPRegen 0.33/turn    (no ring)
MPRegen 0.11/turn

%: no passive effects
@: on berserk cooldown, slowed, very slow
A: horns 2, retaliatory headbutt
a: Renounce Religion, Berserk, Trog's Hand, Brothers in Arms


You were on level 7 of the Dungeon.
You worshipped Trog.
Trog was greatly pleased with you.
You visited 1 branch of the dungeon, and saw 7 of its levels.

You collected 462 gold pieces.
You spent 273 gold pieces at shops.

Inventory:

Hand Weapons
 a - a +0 hand axe
 m - a +0 war axe
 C - a +0 battleaxe (weapon)
Armour
 b - a +0 animal skin
 h - a +0 chain mail
 x - a +2 ring mail of willpower (worn)
Jewellery
 g - an amulet of the acrobat
 t - a ring of resist corrosion
 B - a ring of willpower
Wands
 o - a wand of paralysis (27)
 v - a wand of digging (4)
Scrolls
 c - a scroll of silence {unknown}
 e - 5 scrolls of identify {unknown}
 i - a scroll of magic mapping {unknown}
 k - a scroll of brand weapon {unknown}
 l - a scroll of teleportation {unknown}
 p - 2 scrolls of enchant weapon {unknown}
 w - a scroll of amnesia {unknown}
 y - 5 scrolls of torment {unknown}
 D - 2 scrolls of fog {unknown}
Potions
 d - 2 potions of attraction {unknown}
 f - 9 potions of curing
 j - a potion of brilliance {unknown}
 n - 4 potions of lignification {unknown}
 q - 2 potions of heal wounds {unknown}
 r - a potion of resistance {unknown}
 s - a potion of degeneration {unknown}
 u - a potion of berserk rage {unknown}
 z - a potion of haste {unknown}
 A - a potion of ambrosia {unknown}


   Skills:
 + Level 8.2 Fighting
 + Level 12.0 Axes
 + Level 8.7 Armour
 + Level 3.7 Dodging
 + Level 0.8 Stealth
 + Level 0.2 Evocations


You had 8 spell levels left.
You didn't know any spells.
Your spell library was empty.

Dungeon Overview and Level Annotations

Branches:
Dungeon (7/15)             Temple (0/1) D:4

Altars:

Shops:
D:5 [


Innate Abilities, Weirdness & Mutations

You have a pair of horns on your head.
You reflexively headbutt those who attack you in melee.


Message History

The vampire mosquito draws strength from your injuries!
You barely miss the vampire mosquito.
Your headbutt misses the vampire mosquito.
The vampire mosquito bites you!
* * * LOW HITPOINT WARNING * * *
The vampire mosquito draws strength from your injuries!
You slice the vampire mosquito!!
The vampire mosquito is almost destroyed.
The vampire mosquito bites you but does no damage.
You slash the vampire mosquito!
You destroy the vampire mosquito!
Trog accepts your kill.
Your Axes skill increases to level 12!
Found an escape hatch in the floor.
The orc hits you but does no damage.
Things that are here:
a vampire mosquito corpse; a vampire mosquito corpse You closely miss the orc.
The orc closely misses you.
You closely miss the orc. Your headbutt misses the orc.
The orc hits you with a +0 dagger.
* * * LOW HITPOINT WARNING * * *
You slice the orc!!
You kill the orc!
Trog accepts your kill.
You see here a +0 dagger.
You start resting.
You feel a strong urge to attack something.
You are no longer berserk.
You are exhausted.
You feel yourself slow down.
Things that are here:
a vampire mosquito corpse; a vampire mosquito corpse You see here a vampire mosquito corpse.
An orc priest comes into view. It is wielding a +0 falchion.
You see here a scroll labelled FEUH MOFETESKO.
An orc priest is nearby!
You slash the orc priest!
The orc priest is severely wounded.
The orc priest calls down the wrath of Beogh upon you.
Beogh smites you!
You die...

..#. ####... #..... ....
... #.# ######.# #####
#...o@.######### #....
....###?.....#...#.#.###
# #.####.#.#.#...... ...
#†##.....#.#......
###..##†##...###.#......
.......)##...###.#......
#.>#.#...#...#...#......
.. +...#...#.#########
..# #..!#####.#........


You could see an orc priest.

Vanquished Creatures
  Pikel (D:5)
  A wyvern (D:5)
  4 vampire mosquitoes
  2 water moccasins (D:5)
  An orc warrior (D:7)
  2 black bears (D:6)
  4 ogres
  3 phantoms
  A centaur (D:5)
  A bullfrog (D:6)
  4 scorpions
  7 hounds
  A gnoll bouda (D:5)
  A jelly (D:3)
  An orc priest (D:5)
  2 sleepcaps
  4 iguanas (D:5)
  An orc wizard (D:3)
  Robin (D:3)
  7 gnolls
  6 adders
  A shadow imp (D:5)
  2 white imps
  An ufetubus (D:6)
  2 worms
  4 dart slugs
  23 orcs
  2 ball pythons
  5 endoplasms
  2 giant cockroaches
  13 goblins
  11 hobgoblins
  3 jackals (D:2)
  A quokka (D:4)
  5 bats
  2 frilled lizards
  6 kobolds
  6 rats
144 creatures vanquished.

Vanquished Creatures (others)
  4 toadstools (D:1)
4 creatures vanquished.

Grand Total: 148 creatures vanquished

Notes
Turn   | Place    | Note
-------+----------+-------------------------------------------
     0 | D:1      | Mysteryquy the Minotaur Berserker began the quest for the
                  | Orb.
     0 | D:1      | Reached XP level 1. HP: 19/19 MP: 0/0
   123 | D:1      | Found a faded altar of an unknown god.
   136 | D:1      | Reached XP level 2. HP: 27/27 MP: 1/1
   202 | D:1      | Reached skill level 4 in Axes
   633 | D:2      | Reached XP level 3. HP: 33/33 MP: 2/2
   654 | D:2      | Reached ** piety under Trog
  1506 | D:3      | Reached XP level 4. HP: 41/41 MP: 3/3
  1585 | D:3      | Reached skill level 5 in Axes
  1894 | D:3      | Noticed Robin
  1908 | D:3      | Killed Robin
  1909 | D:3      | Reached XP level 5. HP: 47/47 MP: 4/4
  2481 | D:4      | Reached skill level 5 in Fighting
  2482 | D:4      | Reached skill level 6 in Axes
  2482 | D:4      | Reached XP level 6. HP: 8/56 MP: 5/5
  2842 | D:4      | Reached *** piety under Trog
  2874 | D:4      | Found a staircase to the Ecumenical Temple.
  3344 | D:5      | Entered Level 5 of the Dungeon
  3446 | D:5      | Noticed a water moccasin
  3452 | D:5      | Killed a water moccasin
  3453 | D:5      | Reached skill level 7 in Axes
  3453 | D:5      | Reached skill level 5 in Armour
  3453 | D:5      | Reached XP level 7. HP: 45/61 MP: 6/6
  3676 | D:5      | Noticed Pikel
  3695 | D:5      | Killed Pikel
  3696 | D:5      | Reached skill level 8 in Axes
  3696 | D:5      | Reached XP level 8. HP: 44/70 MP: 7/7
  3749 | D:5      | Reached skill level 9 in Axes
  3886 | D:5      | Reached skill level 10 in Axes
  4167 | D:5      | Reached XP level 9. HP: 19/79 MP: 8/8
  4875 | D:5      | Reached **** piety under Trog
  4879 | D:5      | Found Xamp's Armour Shoppe.
  4887 | D:5      | Bought a +2 ring mail of willpower for 273 gold pieces
  5273 | D:6      | Reached skill level 11 in Axes
  6117 | D:7      | Reached skill level 12 in Axes
  6128 | D:7      | Killed from afar by an orc priest

Illustrated notes

Levels and vault maps discovered:
D:1:      dpeg_arrival_rooms_c, layout_rooms, basic_ecumenical_altar,
          minmay_gold_behind_fungi, columned_hall_lemuel
D:2:      layout_basic, chequers_arboretum
D:3:      layout_loops_corners, uniq_robin
D:4:      layout_loops_ring, minmay_temple_entry_ruins, serial_glass,
          glass_columns_c, glass_columns_c, item_on_display_a,
          item_on_display_a, due_unseen_surprise, feat_on_display, hex_medium
D:5:      kennysheep_windowed_halls, layout_layer_cave, serial_shops,
          kennysheep_little_box, uniq_pikel
D:6:      layout_loops_ring, serial_glass, glass_columns_b, glass_columns_b,
          due_unseen_surprise, item_on_display_a, minmay_strange_pillars
D:7:      layout_basic

Skill      XL: |  1  2  3  4  5  6  7  8  9 |
---------------+----------------------------+-----
Fighting       | 4 5 7 8 |  8.2
Axes           | 4 5 6 7 8 10 12 | 12.0
Armour         | 3 4 5 6 7 8 |  8.7
Dodging        | 3 |  3.7
Stealth        | |  0.8
Evocations     | |  0.2

Action                     |  1- 3 |  4- 6 |  7- 9 || total
---------------------------+-------+-------+-------++-------
  Melee: Hand axe          |    77 |       |       ||    77
         Headbutt          |    10 |    10 |    31 ||    51
         War axe           |     6 |    95 |   168 ||   269
         Punch             |       |     2 |     2 ||     4
         Battleaxe         |       |       |    16 ||    16
 Invoke: Berserk           |       |     1 |     2 ||     3
  Evoke: Wand              |       |     1 |       ||     1
 Armour: Chain mail        |    44 |    54 |    56 ||   154
         Animal skin       |     1 |       |       ||     1
         Ring mail         |       |       |    25 ||    25
  Dodge: Dodged            |    41 |    52 |    83 ||   176
